 Dungeon Crawl Stone Soup version 0.22-a0-422-g9628fc8 (webtiles) character file.

198 Jynxie the Skirmisher (level 5, -3/72 HPs)
             Began as a Hill Orc Fighter on May 20, 2018.
             Splashed by an oklob plant's acid (11 damage)
             ... on level 3 of the Dungeon.
             The game lasted 00:10:17 (2868 turns).

Jynxie the Skirmisher (Hill Orc Fighter)            Turns: 2868, Time: 00:10:18

Health: -3/72      AC: 18    Str: 20    XL:     5   Next: 76%
Magic:  5/5        EV:  2    Int:  8    God:
Gold:   123        SH:  9    Dex: 10    Spells: 4/4 levels left

rFire    . . .     SeeInvis .   s - +1 mace (drain)
rCold    . . .     Gourm    .   c - +0 shield
rNeg     + + +     Faith    .   (armour currently unavailable)
rPois    +         Spirit   .   (helmet currently unavailable)
rElec    .         Reflect  .   (cloak currently unavailable)
rCorr    .         Harm     .   (gloves currently unavailable)
MR       .....     NoTele   +   (boots currently unavailable)
Stlth    +.........             p - amulet of the acrobat
HPRegen  0.22/turn              (no ring)
MPRegen  0.09/turn              (no ring)

@: tree-form, corroded
A: no striking features
a: no special abilities


You were on level 3 of the Dungeon.
You were hungry.
You were a tree.
You visited 1 branch of the dungeon, and saw 4 of its levels.

You collected 123 gold pieces.

Inventory:

Hand Weapons
 s - a +1 mace of draining (weapon)
 v - a +0 flail
Missiles
 o - 7 javelins (quivered)
Armour
 a - a +0 cloak (melded)
 b - a +0 scale mail (melded)
 c - a +0 shield (worn)
 j - a +0 helmet (melded)
 u - a +2 pair of gloves (melded)
Jewellery
 p - an amulet of the acrobat (around neck)
Scrolls
 g - a scroll of enchant weapon
 h - a scroll of enchant armour
 k - a scroll of blinking {unknown}
 l - 2 scrolls of teleportation
 m - a scroll of random uselessness {unknown}
 q - a scroll of amnesia {unknown}
Potions
 e - a potion of mutation {unknown}
 r - a potion of curing {unknown}
 t - a potion of resistance
Comestibles
 f - 4 rations


   Skills:
 * Level 5.4 Fighting
   Level 2.0 Short Blades
 + Level 1.3 Maces & Flails
 + Level 1.3 Throwing
 * Level 5.0 Armour
 - Level 3.2 Shields


You had 4 spell levels left.
You didn't know any spells.
Your spell library was empty.

Dungeon Overview and Level Annotations

Branches:
Dungeon (4/15)
 Temple: D:4-7

Altars:
Fedhas
Hepliaklqana

Annotations:
D:3 exclusion: oklob plant


Message History

The splash of acid hits you! The acid corrodes you!
You are splashed with acid!
The acid burns!
You hit the oklob plant.
The oklob plant is moderately damaged.
The oklob plant spits acid at you. The splash of acid hits you!
You are splashed with acid!
The acid burns!
* * * LOW HITPOINT WARNING * * *
You hit the oklob plant but do no damage.
The oklob plant is moderately damaged.
You hit the oklob plant but do no damage.
The oklob plant is moderately damaged.
You hit the oklob plant.
The oklob plant is moderately damaged.
You hit the oklob plant.
The oklob plant is moderately damaged.
The oklob plant spits acid at you. The splash of acid hits you!
* * * LOW HITPOINT WARNING * * *
The acid corrodes you!
You are splashed with acid!
The acid burns!
You die...

#.P.P.≈≈≈≈...≈≈≈≈.##
#PPP#......_.≈≈≈≈...
#PP#..≈≈≈≈...≈≈≈≈.##
#PP##.≈≈≈≈≈≈≈≈≈≈≈.#P
#PP.P..≈≈≈≈≈≈≈≈≈..P#
#PPPPP..≈≈≈≈≈≈≈..PP#
#...P.#..≈≈≈≈≈..##PP
#PP..P#P.......PPPPP
##.♣PPPPPP##P.P##.P#


#PP...PP#PPPP##PP#PP #.P#..#P.PP#PP P#PP# #PPPPPPPPP.PP#..# .# #################
# You could see an oklob plant.

Vanquished Creatures
  2 orc priests
  3 gnolls
  3 adders
  A worm (D:2)
  A dart slug (D:1)
  3 leopard geckos
  6 orcs
  A giant cockroach (D:2)
  9 goblins
  5 hobgoblins
  14 bats
  5 frilled lizards
  6 kobolds
  15 rats
  A plant (D:3)
75 creatures vanquished.

Vanquished Creatures (others)
  11 toadstools (D:3)
11 creatures vanquished.

Grand Total: 86 creatures vanquished

Notes
Turn   | Place    | Note
-------+----------+-------------------------------------------
     0 | D:1      | Jynxie the Hill Orc Fighter began the quest for the Orb.
     0 | D:1      | Reached XP level 1. HP: 19/19 MP: 1/1
    40 | D:1      | Reached XP level 2. HP: 23/27 MP: 2/2
   695 | D:1      | Reached XP level 3. HP: 34/34 MP: 3/3
   990 | D:2      | Found a hazy altar of Hepliaklqana.
  1532 | D:2      | Reached XP level 4. HP: 41/41 MP: 4/4
  1687 | D:2      | You fall through a shaft!
  1722 | D:4      | Reached skill level 5 in Fighting
  1722 | D:4      | Reached skill level 1 in Throwing
  1946 | D:3      | Reached skill level 1 in Maces & Flails
  1946 | D:3      | Reached XP level 5. HP: 43/48 MP: 5/5
  2245 | D:2      | Reached skill level 5 in Armour
  2803 | D:3      | Found a blossoming altar of Fedhas.
  2814 | D:3      | Noticed an oklob plant
  2868 | D:3      | Splashed by an oklob plant's acid

Vault maps used:
D:1:      shiori_arrival_maze, dk_noncrumbling_4, serial_park_tiny_2,
          minmay_tetromino_t4
D:2:      nicolae_overflow_crystal_walls
D:3:      minmay_misc_feat_room, tgw_fedhas
D:4:      cheibrodos_barr_body, minmay_temple_entry_enclosed_plants,
          first_ration, minmay_surrounded

Skill      XL: |  1  2  3  4  5 |
---------------+----------------+-----
Fighting       | 4 5 |  5.4
Armour         | 4 5 |  5.0
Throwing       | 1 |  1.3
Maces & Flails | 1 |  1.3
Short Blades   | |  2.0
Shields        | |  3.2

Action                   |  1- 3 |  4- 6 || total
-------------------------+-------+-------++-------
Melee: Rapier            |   165 |    17 ||   182
       Mace              |       |   135 ||   135
  Use: Scroll            |     3 |     5 ||     8
       Potion            |       |     3 ||     3
  Eat: Chunk             |     2 |     4 ||     6
Armor: Scale mail        |    94 |    67 ||   161
Dodge: Dodged            |    56 |    55 ||   111
Block: Shield            |    95 |    71 ||   166

Table legend:
 A = Spawn XP
 B = Non-spawn XP
 C = Spawn XP percentage of total XP
 D = Spawn monster count
 E = Non-spawn monster count
 F = Spawn count percentage of total count
 G = Total turns spent on level
                    A         B        C        D         E        F      G
               +---------+---------+-------+---------+---------+-------+---------
         Total |       0 |     283 |   0.0 |       0 |      74 |   0.0 |  2868
               +---------+---------+-------+---------+---------+-------+---------
           D:1 |       0 |      47 |   0.0 |       0 |      27 |   0.0 |   976
           D:2 |       0 |      61 |   0.0 |       0 |      24 |   0.0 |  1023
           D:3 |       0 |     100 |   0.0 |       0 |      19 |   0.0 |   493
           D:4 |       0 |      75 |   0.0 |       0 |       4 |   0.0 |   376
               +---------+---------+-------+---------+---------+-------+---------
